 Dungeon Crawl Stone Soup version 0.28-a0-1184-g53156a8862 (webtiles) character file.

Game seed: 4310648353404131534

6 ytrimaz the Insei (level 1, 0/13 HPs)
             Began as an Octopode Transmuter on Dec 17, 2021.
             Slain by a bat (1 damage)
             ... on level 1 of the Dungeon.
             The game lasted 00:00:56 (433 turns).

ytrimaz the Insei (Octopode Transmuter)              Turns: 433, Time: 00:00:57

Health: 0/13       AC:  1    Str:  9    XL:     1   Next: 90%
Magic:  2/3        EV: 13    Int: 15    God:
Gold:   27         SH:  0    Dex: 12    Spells: 3/4 levels left

rFire   . . .      SeeInvis .     - Unarmed
rCold   . . .      Faith    .   (no shield)
rNeg    . . .      Spirit   .   (helmet currently unavailable)
rPois   .          Reflect  .   (no amulet)
rElec   .          Harm     .   (no ring)
rCorr   .          Rampage  .   (no ring)
Will    .....                   (no ring)
Stlth   ++........              (no ring)
HPRegen 0.04/turn               (no ring)
MPRegen 0.08/turn               (no ring)
                                (no ring)
                                (no ring)

@: appendages (expiring)
A: tentacle spike 3, almost no armour, amphibious, 8 rings, camouflage 1,
gelatinous body 1, (nimble swimmer 1), tentacles
a: End Transformation


You were on level 1 of the Dungeon.
One of your tentacles had grown a beastly spike.
You visited 1 branch of the dungeon, and saw 1 of its levels.

You collected 27 gold pieces.

Inventory:

Scrolls
 b - 2 scrolls of fear
Potions
 a - a potion of flight {unknown}
 c - a potion of curing {unknown}


   Skills:
 * Level 1.1 Fighting
 - Level 2.0 Dodging
 * Level 3.3 Unarmed Combat
 + Level 2.0 Spellcasting
 + Level 2.0 Transmutations


You had 3 spell levels left.
You knew the following spells:

 Your Spells              Type           Power      Damage    Failure   Level
a - Beastly Appendage     Tmut           14%        N/A       10%         1

Your spell library contained the following spells:

 Spells                   Type           Power      Damage    Failure   Level
 Wereblood                Tmut           7%         N/A       14%         2
 Spider Form              Tmut/Pois      4%         N/A       41%         3
 Ice Form                 Ice/Tmut       4%         N/A       82%         4


Dungeon Overview and Level Annotations

Branches:
Dungeon (1/15)

Altars:


Innate Abilities, Weirdness & Mutations

One of your tentacles has grown a beastly spike.
You cannot wear most types of armour.
You are amphibious.
You can wear up to eight rings at the same time.
Your skin changes colour to match your surroundings (Stealth+).
Your rubbery body absorbs attacks. (AC +1, EV +1)
((You are camouflaged near water. (Stealth+)))
You have tentacles for arms and can constrict up to eight enemies at once.


Message History

A bat comes into view.
The ball python misses you. The ball python closely misses you.
The ball python bites you. The ball python grabs you.
The ball python constricts you.
You tentacle-slap the ball python but do no damage.
Your grab misses the ball python. The ball python bites you.
The ball python constricts you.
You closely miss the ball python. Your grab misses the ball python.
The ball python closely misses you. The ball python constricts you.
The giant cockroach barely misses you.
One of your tentacles grows a vicious spike.
The ball python barely misses you. The ball python constricts you.
The giant cockroach bites you.
The ball python bites you but does no damage.
The ball python constricts you.
You tentacle-slap the ball python.
You kill the ball python!
The bat misses you. The giant cockroach barely misses you.
The bat closely misses you. The bat hits you.
* * * LOW HITPOINT WARNING * * *
You see here a ball python corpse.
Unknown command.
You closely miss the giant cockroach. You grab the giant cockroach.
You pierce the giant cockroach, but do no damage.
You constrict the giant cockroach. The bat barely misses you.
The giant cockroach bites you.
* * * LOW HITPOINT WARNING * * *
The giant cockroach barely misses you.
You tentacle-slap the giant cockroach but do no damage.
You constrict the giant cockroach, but do no damage.
The bat hits you but does no damage.
The giant cockroach completely misses you.
Unknown command.
You tentacle-slap the giant cockroach but do no damage.
You tentacle-slap the giant cockroach.
The giant cockroach is almost dead.
Your transformation is almost over.
You constrict the giant cockroach, but do no damage.
The bat misses you. The bat hits you.
You die...

#. #. ## .. ... #$ .#.##
#. ....# ... ..
#.####..#.# ...
...###.......... ..
.......b....#
#####.##.......B@...###.
.......###..............
####
.........###.#.#'###.##.
####...
.......#.###...#...# #
.......
.............#####.#
#..........
######...........#.#
##...#######
#.......###.#.# .....##
..##
#.......###.#.###....#
+##.+
#...............#....+.#
#.#


You could see a giant cockroach and a bat.

Vanquished Creatures
  A worm (D:1)
  A ball python (D:1)
  A frilled lizard (D:1)
  A kobold (D:1)
  A rat (D:1)
5 creatures vanquished.

Notes
Turn   | Place    | Note
-------+----------+-------------------------------------------
     0 | D:1      | ytrimaz the Octopode Transmuter began the quest for the
                  | Orb.
     0 | D:1      | Reached XP level 1. HP: 13/13 MP: 3/3
   433 | D:1      | Slain by a bat

Illustrated notes

Levels and vault maps discovered:
D:1:      minmay_arrival_stone_box, layout_basic, serial_shops, shop,
          nicolae_wormholes

Action                   || total
-------------------------++-------
Melee: Unarmed           ||    17
       Constrict         ||     4
       Tentacles         ||     2
       Kick              ||     1
       Punch             ||     1
 Cast: Beastly Appendage ||     3
  Use: Scroll            ||     1
Armor: Skin              ||     2
Dodge: Dodged            ||    15

Table legend: (Time is in decaauts)
 A = Elapsed time spent in this place.
 B = Non-inter-level travel time spent in this place.
 C = Inter-level travel time spent in this place.
 D = Time resting spent in this place.
 E = Time spent auto-exploring this place.
 F = Levels seen in this place.
 G = Mean time per level.
                   A        B        C        D        E       F      G
               +--------+--------+--------+--------+--------+-----+--------+
         Total |    432 |    432 |      0 |    151 |    210 |   1 |  432.0 |
       Dungeon |    432 |    432 |      0 |    151 |    210 |   1 |  432.0 |
               +--------+--------+--------+--------+--------+-----+--------+

Top non-repeatable levels by time:
     D:1: 432 daAuts
